[Event "Early-Titled-Tuesday-Blitz-September-05-2023"]
[Site "Chess.com"]
[Date "2023.09.05"]
[Round "11"]
[White "ContrVersia"]
[Black "Athanasios2"]
[Result "1-0"]
[WhiteElo "2908"]
[BlackElo "2704"]
[TimeControl "180+1"]
[EndTime "10:05:17 PDT"]
[Termination "ContrVersia won on time"]

1. Nf3 d5 2. c4 e6 3. g3 Nf6 4.
Bg2 Be7 5. O-O O-O 6. b3 b6 7. Bb2 Bb7 8. e3 c5 9. Nc3 Nc6 10. cxd5 Nxd5 11. Nxd5 Qxd5 12. d4 Qd8 13. dxc5 Bxc5 14.
Ne5 Qc7 15. Nd7 Rfd8 16. Qg4 e5 17. Nxc5 bxc5 18. Rac1 Qb6 19. Rfd1 Rxd1+ 20. Rxd1 Rd8 21. h4 h6 22. Rxd8+ Qxd8 23. Bxc6 Bxc6 24. Bxe5 g6 25. h5 g5 26. Kh2 Bd5 27. e4 Be6 28. Qe2 Qa5 29.
Bf6 Qb4 30. Qd1 Kh7 31. Qd8 Qb8 32. Qxb8 1-0

[Event "Early-Titled-Tuesday-Blitz-September-05-2023"]
[Site "Chess.com"]
[Date "2023.09.05"]
[Round "11"]
[White "twofoxniel"]
[Black "GaalZsoka"]
[Result "1-0"]
[WhiteElo "2669"]
[BlackElo "2482"]
[TimeControl "180+1"]
[EndTime "10:05:17 PDT"]
[Termination "twofoxniel won by checkmate"]

1. e4 c6 2. d4 g6 3. Nc3 d5 4. Nf3 Bg7 5. h3 dxe4 6. Nxe4 Nd7 7. c3 Ngf6 8. Bd3 Nxe4 9. Bxe4 Nf6 10. Bc2 O-O 11.
O-O Qc7 12. Re1 c5 13. Qe2 Re8 14. dxc5 Qxc5 15. Be3 Qc7 16. Bd4 Nh5 17. Bxg7 Nxg7 18. Ne5 Bf5 19. Bb3 Be6 20. Bxe6 Nxe6 21. Nxf7 Nf4 22.
Nh6+ Kg7 23. Qe3 Kxh6 24. g3 e5 25. gxf4 exf4 26. Qf3 Re5 27. Rxe5 Qxe5 28. Rd1 Re8 29. Rd5 Qf6 30. Kg2 Re1 31. Rd4 Qg5+ 32. Qg4 Qxg4+ 33. hxg4 Kg5 34. Kf3 Rb1 35. Rb4 b6 36. Rb5+ Kf6 37. Kxf4 Rh1 38. g5+ Ke6 39. Re5+ Kf7 40.
Rd5 Ke6 41. Re5+ Kf7 42. Rd5 Ke6 43. Rd8 Rh4+ 44. Kg3 Rh5 45. f4 Rh1 46. Re8+ Kf5 47.
Re5# 1-0

[Event "Early-Titled-Tuesday-Blitz-September-05-2023"]
[Site "Chess.com"]
[Date "2023.09.05"]
[Round "11"]
[White "slidingknight2775"]
[Black "Casper"]
[Result "1-0"]
[WhiteElo "2578"]
[BlackElo "2443"]
[TimeControl "180+1"]
[EndTime "10:05:18 PDT"]
[Termination "slidingknight2775 won on time"]

1. d4 Nf6 2. c4 g6 3. Nc3 Bg7 4. Nf3 O-O 5. Bg5 d6 6. e3 h5 7. Be2 Nh7 8. Bh4 Nc6 9. O-O Bg4 10. h3 Bxf3 11. Bxf3 g5 12. Bg3 h4 13. Bh2 e5 14.
Bxc6 bxc6 15. dxe5 dxe5 16. Qf3 Qf6 17. Qxf6 Bxf6 18.
Ne4 Bg7 19. Rfd1 Rfd8 20. Rab1 f6 21. Nc5 Kf7 22. b3 Bf8 23. Na6 Rac8 24. Kf1 Ba3 25.
Ke2 Rxd1 26. Rxd1 Ke7 27. f3 Nf8 28. b4 Ne6 29. Rd3 Bb2 30. Rb3 Ba1 31. Rb1 Bc3 32.
Kd3 1-0

[Event "Early-Titled-Tuesday-Blitz-September-05-2023"]
[Site "Chess.com"]
[Date "2023.09.05"]
[Round "11"]
[White "ChampStan"]
[Black "KatakuriDono"]
[Result "0-1"]
[WhiteElo "2126"]
[BlackElo "2319"]
[TimeControl "180+1"]
[EndTime "10:05:19 PDT"]
[Termination "KatakuriDono won by checkmate"]

1. e4 e5 2. Nf3 Nc6 3. Bc4 Nf6 4.
Ng5 d5 5. exd5 Na5 6. Bb5+ c6 7. dxc6 bxc6 8. Bd3 Nd5 9. Ne4 f5 10. Ng3 e4 11.
Be2 Bd6 12. d3 exd3 13. Bxd3 O-O 14. O-O f4 15. Ne4 Bc7 16. Qh5 Bf5 17. Ng5 Bxd3 18. cxd3 Nf6 19. Qh4 Qxd3 20. Ne6 Rf7 21. Nxc7 Rxc7 22.
Bxf4 Rf7 23. Nc3 Raf8 24. Rad1 Qc2 25. Rd2 Qg6 26. Bd6 Re8 27. Qb4 Qg5 28. Bf4 Qh5 29.
Rfd1 Rfe7 30. Be3 Ng4 31. Re1 Qxh2+ 32. Kf1 Qh1+ 33. Ke2 Qxg2 34. Qxa5 Rxe3+ 35. Kd1 Rxe1+ 36. Kc2 Qf1 37. Qb4 Nxf2 38. Qb3+ Kh8 39. Qf7 Rc1+ 40. Kb3 Rb8+ 41. Ka3 Rxc3+ 42. bxc3 Qa6# 0-1

[Event "Early-Titled-Tuesday-Blitz-September-05-2023"]
[Site "Chess.com"]
[Date "2023.09.05"]
[Round "11"]
[White "Sargsyan_Shant"]
[Black "Firouzja2003"]
[Result "0-1"]
[WhiteElo "2963"]
[BlackElo "3116"]
[TimeControl "180+1"]
[EndTime "10:05:20 PDT"]
[Termination "Firouzja2003 won by resignation"]

1. c4 g6 2. g3 Bg7 3. Bg2 c6 4. Nc3 d5 5. cxd5 cxd5 6. Nxd5 Nc6 7. Nc3 Bf5 8. d3 Rc8 9. Nf3 Nf6 10. O-O O-O 11.
Bd2 a6 12. Rc1 b5 13. a3 Na5 14. Ne5 Be6 15. e3 Nb3 16. Rc2 Ng4 17. Nxg4 Qxd3 18.
f3 Na1 19. Rc1 Nb3 20. Rc2 Na1 21. Qxa1 Qxc2 22. Qc1 Qb3 23. Nf2 a5 24. Qb1 Rfd8 25. Nce4 b4 26. axb4 axb4 27. Rc1 f5 28. Rxc8 Rxc8 29.
Ng5 Rc2 30. Nxe6 Rxd2 31. Nc5 Qxe3 32. Qa2+ e6 33. Qxe6+ Qxe6 34. Nxe6 Bxb2 35. Bf1 Bd4 36. Nxd4 Rxd4 37. Nd3 b3 38. Kf2 Rc4 39. Ke3 Rc2 40.
Nb4 b2 41. Nxc2 b1=Q 42. Bc4+ Kg7 43. Nd4 Qg1+ 44. Kd3 Qxh2 45. Ne2 Kf6 46. f4 h6 47. Bd5 g5 48. fxg5+ hxg5 49. Bf3 Ke5 50. Ke3 g4 51. Bc6 Qh6+ 0-1

[Event "Early-Titled-Tuesday-Blitz-September-05-2023"]
[Site "Chess.com"]
[Date "2023.09.05"]
[Round "11"]
[White "Journey_to_GrandMaster_YT"]
[Black "Grossboss19"]
[Result "1-0"]
[WhiteElo "2625"]
[BlackElo "2500"]
[TimeControl "180+1"]
[EndTime "10:05:20 PDT"]
[Termination "Journey_to_GrandMaster_YT won by resignation"]

1. d4 Nf6 2. Nf3 e6 3. c4 d5 4. Nc3 a6 5. cxd5 exd5 6. Bg5 Be6 7. e3 Nbd7 8. Bd3 Bd6 9. O-O h6 10. Bh4 O-O 11. Rc1 b5 12. e4 dxe4 13. Nxe4 Be7 14.
Nc5 Nxc5 15. dxc5 c6 16. a3 Bd5 17. Re1 Re8 18. Nd4 Qd7 19. Nf5 Rad8 20. Rxe7 Rxe7 21. Bxf6 Be6 22. Bxe7 Re8 23. Bd6 Bxf5 24. Bxf5 Qxf5 25. h3 Qf6 26. Qd2 Qe6 27. b4 f6 28. Rc3 Qf5 29.
Re3 Rxe3 30. Qxe3 Kh7 31. f3 Qb1+ 32. Kh2 Kg6 33. Qe4+ Qxe4 34. fxe4 f5 35. Kg3 fxe4 36. Kf4 e3 37. Kxe3 Kf5 38. g4+ Ke6 39. Ke4 g6 40. h4 h5 41. g5 Kf7 42. Ke5 1-0

[Event "Early-Titled-Tuesday-Blitz-September-05-2023"]
[Site "Chess.com"]
[Date "2023.09.05"]
[Round "11"]
[White "Anton_Demchenko"]
[Black "OparinGrigoriy"]
[Result "0-1"]
[WhiteElo "2959"]
[BlackElo "3021"]
[TimeControl "180+1"]
[EndTime "10:05:22 PDT"]
[Termination "OparinGrigoriy won by checkmate"]

1. e4 e5 2. Nf3 Nc6 3. Bc4 Nf6 4. d3 h6 5. a4 Bc5 6. O-O O-O 7. Be3 Bxe3 8. fxe3 d6 9. Nbd2 Be6 10. Bxe6 fxe6 11. c3 d5 12. h3 Qd6 13. Qb3 b6 14. Rf2 Rf7 15. Raf1 Raf8 16. Qc2 a5 17. d4 Nh5 18. exd5 exd5 19. Nxe5 Rxf2 20. Rxf2 Rxf2 21. Kxf2 Nxe5 22. dxe5 Qxe5 23. Nf3 Qg3+ 24. Kf1 Qd6 25. Kf2 Ng3 26. Qd3 c6 27. Kg1 Ne4 28. Nd2 Nxd2 29. Qxd2 Qe6 30.
Qd4 c5 31. Qd3 Qc6 32. Qf5 Qd6 33. Qc8+ Kf7 34. Qf5+ Ke7 35. e4 d4 36. e5 Qd5 37. cxd4 cxd4 38. Qf4 d3 39. Qd2 Ke6 40. Kf1 Qd4 41. Ke1 Qg1# 0-1

[Event "Early-Titled-Tuesday-Blitz-September-05-2023"]
[Site "Chess.com"]
[Date "2023.09.05"]
[Round "11"]
[White "Aleksandar-Topalov"]
[Black "only_strong_moves"]
[Result "0-1"]
[WhiteElo "2381"]
[BlackElo "2543"]
[TimeControl "180+1"]
[EndTime "10:05:24 PDT"]
[Termination "only_strong_moves won on time"]

1. b3 e5 2. Bb2 Nc6 3. c4 f5 4. e3 Nf6 5. Nf3 d6 6. d4 e4 7. d5 Nb8 8. Ng5 h6 9. Nh3 Nbd7 10. Be2 Ne5 11. Nf4 g5 12. Bh5+ Nf7 13. Ne6 Qe7 14.
Nxc7+ Qxc7 15. Bxf6 Rg8 16. Nc3 Bg7 17. Qd4 Kf8 18.
h4 Ne5 19. Bxg7+ Qxg7 20. hxg5 hxg5 21. O-O-O Nd3+ 22. Rxd3 exd3 23. Qxd3 Bd7 24. Kb1 Rh8 25. f3 Qf6 26. Ne2 Re8 27. Nd4 Qe5 28. Ne6+ Bxe6 29.
dxe6 Rxe6 30. g4 Ke7 31. Re1 f4 32. e4 b5 33. cxb5 Rc8 34. Rd1 Rc3 35. Qd2 Rxf3 36. Qa5 Qxe4+ 37. Ka1 Qe5+ 38. Kb1 Qc5 39. Rc1 Qb6 40.
Rc7+ Kd8 41. Rxa7 Qxa5 42. Rxa5 Rf2 43. Ra8+ Kc7 44. Ra7+ Kb8 0-1

[Event "Early-Titled-Tuesday-Blitz-September-05-2023"]
[Site "Chess.com"]
[Date "2023.09.05"]
[Round "11"]
[White "Witty_Alien"]
[Black "Irina_Mikhaylova"]
[Result "1/2-1/2"]
[WhiteElo "2180"]
[BlackElo "2291"]
[TimeControl "180+1"]
[EndTime "10:05:25 PDT"]
[Termination "Game drawn by repetition"]

1. e4 c6 2. d4 c5 3. Nh3 cxd4 4. Ng1 Nc6 5. c3 dxc3 6. Nxc3 d6 7. Bc4 e6 8. Nf3 a6 9. O-O Be7 10. Re1 Nf6 11. Bg5 Ne5 12. Nxe5 dxe5 13. Qb3 O-O 14. a4 Qc7 15. Rac1 Bd7 16. Re3 Bc6 17. Rg3 Kh8 18. Bxe6 Nh5 19. Nd5 Bxd5 20. Bxd5 Qd8 21. Bxe7 Qxe7 22.
Rgc3 Nf4 23. Rc7 Qg5 24. Qf3 Rad8 25. g3 Nxd5 26. exd5 f6 27. R1c3 Qd2 28. Rxb7 Qxd5 29. Qxd5 Rxd5 30. Rcc7 Rg8 31. Ra7 a5 32. Rcb7 h5 33. Rb5 Rd1+ 34. Kg2 Rc8 35. Rbb7 Rg8 36. Rxa5 Rd2 37. Raa7 e4 38. Re7 Rb8 39. Rxg7 Rbxb2 40. Rh7+ Kg8 41. Rag7+ Kf8 42. Rf7+ Kg8 43. Rhg7+ Kh8 44. Rh7+ Kg8 45. Rfg7+ Kf8 46. Rf7+ Kg8 1/2-1/2

[Event "Early-Titled-Tuesday-Blitz-September-05-2023"]
[Site "Chess.com"]
[Date "2023.09.05"]
[Round "11"]
[White "benny_aizenberg"]
[Black "FARIZA2018"]
[Result "0-1"]
[WhiteElo "2629"]
[BlackElo "2534"]
[TimeControl "180+1"]
[EndTime "10:05:27 PDT"]
[Termination "FARIZA2018 won by checkmate"]

1. g4 e5 2. g5 Qxg5 3. d4 Qe7 4. dxe5 Qxe5 5. Nf3 Qe7 6. Nc3 c6 7. Bg2 d5 8. Bf4 Nf6 9. Qd2 Bf5 10. O-O-O Na6 11. Nd4 Bg6 12. a3 Nc5 13. f3 Rd8 14. h4 Nh5 15.
Bg5 f6 16. Be3 Ne6 17. Nxe6 Qxe6 18. Bxa7 Bd6 19. Be3 O-O 20. Kb1 Rfe8 21. Bb6 Ra8 22. e4 Qe7 23. exd5 Bxa3 24. d6 Bxd6 25. Qxd6 Qf7 26.
Rhe1 Rxe1 27. Rxe1 Kh8 28. Qd2 Qb3 29. Bd4 Qb4 30. Ne4 Qa4 31. b3 Qa2+ 32. Kc1 c5 33.
Bxc5 Qa1# 0-1

[Event "Early-Titled-Tuesday-Blitz-September-05-2023"]
[Site "Chess.com"]
[Date "2023.09.05"]
[Round "11"]
[White "DefiantChair"]
[Black "CristianS27"]
[Result "1-0"]
[WhiteElo "2646"]
[BlackElo "2523"]
[TimeControl "180+1"]
[EndTime "10:05:29 PDT"]
[Termination "DefiantChair won on time"]

1. e4 e5 2. Nf3 Nc6 3. Bb5 a6 4. Ba4 Nf6 5. O-O Nxe4 6. d4 exd4 7. Re1 d5 8. Nxd4 Bd6 9. Nxc6 Bxh2+ 10. Kf1 Qh4 11.
Qf3 O-O 12. Nd4 Bg4 13. Nf5 Qh5 14. Ne7+ Kh8 15. Qe3 Bf4 16. f3 Bxe3 17. Bxe3 Bxf3 18. gxf3 Qxf3+ 19. Kg1 Qg3+ 20. Kf1 Qf3+ 21. Kg1 Ng3 22. Nc3 Qh1+ 23. Kf2 Qh2+ 24. Kf3 c6 25. Bf4 Qh4 26.
Bxg3 Qh5+ 27. Kf2 Qg4 28. Re5 f5 29. Rh1 f4 30. Bh4 Rae8 31. Ncxd5 cxd5 32. Bxe8 Rxe8 33. Bg5 Qg3+ 34. Kf1 Qf3+ 35. Kg1 Qg3+ 36. Kf1 h6 37. Bxh6 gxh6 38. Rxh6+ Kg7 39. Rg6+ Qxg6 40. Nxg6 Rd8 41. Nxf4 Kf6 42. Rxd5 1-0

[Event "Early-Titled-Tuesday-Blitz-September-05-2023"]
[Site "Chess.com"]
[Date "2023.09.05"]
[Round "11"]
[White "C_K_G"]
[Black "aranibos"]
[Result "0-1"]
[WhiteElo "2078"]
[BlackElo "2257"]
[TimeControl "180+1"]
[EndTime "10:05:29 PDT"]
[Termination "aranibos won on time"]

1. e4 c6 2. Nf3 g6 3. Nc3 Bg7 4. d4 d5 5. e5 Bg4 6. Be2 f6 7. Bf4 Bxf3 8. Bxf3 fxe5 9. dxe5 e6 10. Qd2 Ne7 11.
O-O-O O-O 12. Ne4 Rf5 13. Bg4 Qf8 14. Bxf5 Qxf5 15. Nd6 Qf8 16. Nxb7 Nd7 17. Rhe1 Rb8 18. Nd6 Nc5 19. f3 Nf5 20. Nxf5 exf5 21. Kb1 Ne6 22. Bg5 Qa3 23. c3 Nxg5 24. Ka1 Qe7 25. h4 Ne6 26. g3 a5 27. f4 a4 28. a3 Rb3 29. Ka2 h6 30. Qe3 Qb7 31. Rd2 Qb5 32. Red1 Kf7 33. Qf3 h5 34. Qf2 Qc4 35. Ka1 Qc5 36. Qe2 Qb6 37. Qd3 Nc5 38. Qe3 Ke6 39.
Qf2 Rb5 40. g4 Nb3+ 41. Kb1 Nxd2+ 42. Rxd2 Qxf2 43. Rxf2 hxg4 0-1

[Event "Early-Titled-Tuesday-Blitz-September-05-2023"]
[Site "Chess.com"]
[Date "2023.09.05"]
[Round "11"]
[White "MartinMatthiesen"]
[Black "jk13"]
[Result "1/2-1/2"]
[WhiteElo "2516"]
[BlackElo "2674"]
[TimeControl "180+1"]
[EndTime "10:05:30 PDT"]
[Termination "Game drawn by repetition"]

1. d4 Nf6 2. c4 e6 3. Nf3 Bb4+ 4. Bd2 Bxd2+ 5. Qxd2 O-O 6. Nc3 d5 7. e3 Qe7 8. Rc1 Rd8 9. Qc2 a6 10. Be2 dxc4 11.
Bxc4 c5 12. dxc5 Qxc5 13. Bd3 Nc6 14. a3 Bd7 15. Ne4 Nxe4 16. Bxe4 Qxc2 17. Rxc2 Kf8 18. O-O Ke7 19. Rfc1 Be8 20. Bxc6 Bxc6 21. Ne5 Be8 22. Rc7+ Kf6 23. f4 Rab8 24. R1c2 h5 25. h3 Rd1+ 26. Kf2 a5 27. g4 hxg4 28. hxg4 g5 29. Nf3 gxf4 30.
exf4 Rh1 31. Kg3 b5 32. Ra7 a4 33. Rcc7 b4 34. Ne5 Rh7 35. Kf3 bxa3 36. bxa3 Rb3+ 37.
Ke4 Rxa3 38. g5+ Kg7 39. Nxf7 Kf8 40. Nd8 Rxc7 41. Nxe6+ Kg8 42. Rxc7 Ra1 43. f5 a3 44. g6 Re1+ 45. Kf4 a2 46. Rg7+ Kh8 47. Rh7+ Kg8 48.
Rg7+ Kh8 49. Rh7+ Kg8 50. Rg7+ 1/2-1/2

[Event "Early-Titled-Tuesday-Blitz-September-05-2023"]
[Site "Chess.com"]
[Date "2023.09.05"]
[Round "11"]
[White "koncheto"]
[Black "fastestmindalive"]
[Result "1-0"]
[WhiteElo "2560"]
[BlackElo "2702"]
[TimeControl "180+1"]
[EndTime "10:05:32 PDT"]
[Termination "koncheto won by checkmate"]

1. e4 c5 2. Nf3 g6 3. d4 cxd4 4. Nxd4 Nc6 5. Be3 Nf6 6. f3 d5 7. Nxc6 bxc6 8. exd5 cxd5 9. Bd4 Bg7 10. Bd3 O-O 11.
O-O Nd7 12. Bxg7 Kxg7 13. Nc3 Nf6 14. Re1 Qb6+ 15. Kh1 Qxb2 16. Qd2 Qa3 17. Rab1 Be6 18. Nb5 Qc5 19. Rb4 a5 20. Ra4 Bd7 21. Rxa5 Rxa5 22. Qxa5 Rb8 23. a4 Bf5 24. Bxf5 gxf5 25. Qd2 h6 26. Qf4 Ra8 27. Nd4 e6 28. Rxe6 Ng8 29.
Nxf5+ Kf8 30. Nxh6 Nxh6 31. Qxh6+ Kg8 32. Re5 f6 33. Qg6+ Kh8 34. Rh5# 1-0

[Event "Early-Titled-Tuesday-Blitz-September-05-2023"]
[Site "Chess.com"]
[Date "2023.09.05"]
[Round "11"]
[White "Goryachkina"]
[Black "RobertoJBM"]
[Result "1/2-1/2"]
[WhiteElo "2670"]
[BlackElo "2797"]
[TimeControl "180+1"]
[EndTime "10:05:33 PDT"]
[Termination "Game drawn by repetition"]

1. e4 c6 2. d4 d5 3. exd5 cxd5 4. Bd3 Nc6 5. c3 g6 6. Nf3 Bf5 7. Be2 Bg7 8. O-O Nf6 9. h3 O-O 10. Bf4 Rc8 11. Nbd2 Ne4 12. Re1 Nxd2 13. Qxd2 Bd7 14.
Bf1 Re8 15. Ne5 Nxe5 16. Bxe5 Bc6 17. Bxg7 Kxg7 18. h4 h5 19. Re5 f6 20. Re3 e5 21.
dxe5 fxe5 22. Rae1 Qf6 23. Qe2 e4 24. g3 Rf8 25. Qd2 Rce8 26. Bg2 Rd8 27. Qd4 Qxd4 28. cxd4 Rd7 29. f3 Rf6 30. fxe4 dxe4 31. Bxe4 Rxd4 32.
Bxc6 Rxc6 33. Re7+ Kh6 34. R1e2 Rb6 35. Rf2 g5 36.
hxg5+ Kxg5 37. Kh2 h4 38. Kh3 hxg3 39. Rg7+ Rg6 40.
Rxg6+ Kxg6 41. Kxg3 Rd6 42. Kf3 Rf6+ 43. Ke3 Rxf2 44.
Kxf2 Kf5 45. Ke3 Ke5 46. Kd3 Kd5 47. Kc3 Kc5 48. Kd3 Kd5 49. Kc3 Kc5 50. Kd3 Kd5 1/2-1/2

[Event "Early-Titled-Tuesday-Blitz-September-05-2023"]
[Site "Chess.com"]
[Date "2023.09.05"]
[Round "11"]
[White "sokidze"]
[Black "TregubovP"]
[Result "1-0"]
[WhiteElo "2775"]
[BlackElo "2654"]
[TimeControl "180+1"]
[EndTime "10:05:33 PDT"]
[Termination "sokidze won by resignation"]

1. e4 c5 2. Nf3 e6 3. d4 cxd4 4. Nxd4 Nf6 5. Nc3 Nc6 6. Nxc6 bxc6 7. e5 Nd5 8. Ne4 Bb7 9. Be2 c5 10. O-O Qc7 11. Nd6+ Bxd6 12. exd6 Qc6 13. f3 c4 14. Qd4 O-O 15. Bxc4 Qxd6 16. b3 Rfc8 17. Bb2 Qc5 18.
Qxc5 Rxc5 19. Bd4 Rcc8 20. a4 Nb4 21. Rac1 Bd5 22. Bxd5 Nxd5 23. Rfd1 Nb4 24. c3 Nc6 25. Be3 d5 26. c4 Nb4 27. cxd5 Rxc1 28. Rxc1 Nxd5 29.
Bxa7 f6 30. Bc5 Rb8 31. Rb1 Nc3 32. Ra1 Rxb3 33. a5 Rb5 34. a6 Rxc5 35. a7 Rc8 36.
a8=Q Rxa8 37. Rxa8+ Kf7 38. Kf2 h5 39. h4 Kg6 40. Ra6 e5 41. Ra5 Kf5 42. Rc5 Na4 43.
Rc6 g5 44. g3 gxh4 45. gxh4 e4 46.
fxe4+ Kg4 47. Rxf6 Nc5 48. Ke3 Kxh4 49. Kd4 Nd7 50.
Rf7 1-0

[Event "Early-Titled-Tuesday-Blitz-September-05-2023"]
[Site "Chess.com"]
[Date "2023.09.05"]
[Round "11"]
[White "hongnhung1234"]
[Black "Magila31"]
[Result "1-0"]
[WhiteElo "2519"]
[BlackElo "2424"]
[TimeControl "180+1"]
[EndTime "10:05:33 PDT"]
[Termination "hongnhung1234 won on time"]

1. e4 g6 2. d4 Bg7 3. Nc3 d6 4. f4 a6 5. Nf3 Nd7 6. Bd3 b5 7.
e5 Bb7 8. Be4 Qc8 9. O-O e6 10.
Bxb7 Qxb7 11. Qe2 Ne7 12. exd6 cxd6 13. Ne4 Qd5 14. c3 O-O 15. Bd2 Rfc8 16. Rfe1 Nb6 17. b3 Nf5 18. Qf2 a5 19. g4 Ne7 20. Qh4 Qb7 21.
Kf2 a4 22. Nf6+ Bxf6 23. Qxf6 Ned5 24. Qh4 axb3 25. axb3 Rxa1 26. Rxa1 Nxc3 27. Bxc3 Rxc3 28. Ng5 Rc2+ 29. Ke3 Nd5+ 30. Kd3 Nb4+ 31. Ke3 Rc3+ 32.
Kf2 h5 33. gxh5 Nd3+ 34. Kg1 Nxf4 35. Qg4 Nxh5 36. Ne4 1-0

[Event "Early-Titled-Tuesday-Blitz-September-05-2023"]
[Site "Chess.com"]
[Date "2023.09.05"]
[Round "11"]
[White "CFalcons8"]
[Black "topin8"]
[Result "1-0"]
[WhiteElo "2303"]
[BlackElo "2440"]
[TimeControl "180+1"]
[EndTime "10:05:34 PDT"]
[Termination "CFalcons8 won on time"]

1. e4 c6 2. d4 d5 3. exd5 cxd5 4. Bd3 Nc6 5. c3 Qc7 6. Ne2 Nf6 7. Bf4 Qb6 8. Qc2 Bg4 9. f3 Bh5 10. Nd2 e6 11. b4 Rc8 12. Qb2 Bg6 13. Bxg6 hxg6 14. Nb3 a5 15. a3 Nh5 16. Be3 Bd6 17. Nd2 Ke7 18. Kf2 f5 19. Bg5+ Kf7 20. g3 Ne5 21. Kg2 Qb5 22. Nf1 Nc4 23. Qc2 Nb6 24. Ne3 Rc7 25. bxa5 Qxa5 26. Rab1 Rhc8 27. Rb3 Na4 28.
Rhb1 b6 29. Rb5 Qa6 30. c4 dxc4 31. d5 Nc5 32. dxe6+ 1-0

[Event "Early-Titled-Tuesday-Blitz-September-05-2023"]
[Site "Chess.com"]
[Date "2023.09.05"]
[Round "11"]
[White "venturov"]
[Black "DopplerCharlotteDeWitte"]
[Result "0-1"]
[WhiteElo "2445"]
[BlackElo "2704"]
[TimeControl "180+1"]
[EndTime "10:05:39 PDT"]
[Termination "DopplerCharlotteDeWitte won by resignation"]

1. Nf3 d5 2. e3 Nf6 3. c4 e6 4. b3 Bd6 5. Bb2 O-O 6. Nc3 a6 7.
cxd5 exd5 8. d4 Bf5 9. Bd3 Bxd3 10. Qxd3 Nbd7 11. O-O Re8 12. Qf5 c6 13. Ne2 Ne4 14. Ng3 Nxg3 15. fxg3 Nf6 16. Ne5 Qc8 17. Qg5 h6 18.
Qh4 Qe6 19. Rf4 Bxe5 20. dxe5 Ne4 21. Qh5 g5 22. Rf6 Nxf6 23. exf6 Qxe3+ 24. Kf1 Qd3+ 25. Kg1 Qg6 26. Qg4 Re4 27. Qf3 Rae8 28. Rf1 Re1 29. Bc3 Rxf1+ 30. Qxf1 Qc2 31. Qf3 Re2 32. h4 Qc1+ 33. Kh2 Re3 34. Qf5 Re6 35. hxg5 Qxg5 36. Qf3 h5 37. Bd4 Qg4 38. Qf4 Qxf4 39. gxf4 Kh7 40.
Be5 Kg6 41. Kg3 Kf5 42. Kh4 Rxe5 43. fxe5 Kxe5 44. Kxh5 Kxf6 45. Kg4 Ke5 46. Kg5 d4 0-1

[Event "Early-Titled-Tuesday-Blitz-September-05-2023"]
[Site "Chess.com"]
[Date "2023.09.05"]
[Round "11"]
[White "Gareth-Bale11"]
[Black "thedjoker98"]
[Result "1-0"]
[WhiteElo "2777"]
[BlackElo "2622"]
[TimeControl "180+1"]
[EndTime "10:05:40 PDT"]
[Termination "Gareth-Bale11 won by resignation"]

1. d4 d5 2. Nf3 Nf6 3. c3 Bf5 4.
Qb3 Qc8 5. c4 e6 6. Nc3 c6 7. Bf4 Nbd7 8. e3 Be7 9. Rc1 O-O 10.
h3 h6 11. Be2 Ne4 12. cxd5 Nxc3 13. bxc3 exd5 14. a4 Nf6 15. O-O Rd8 16. c4 Bd6 17.
cxd5 Nxd5 18. Bxd6 Rxd6 19. Ne5 Qc7 20. Bf3 Nf6 21.
Rfe1 Rdd8 22. a5 a6 23. Re2 Be4 24. Rb2 Bxf3 25. Nxf3 Qxa5 26. Qxb7 Rac8 27. Ne5 Rc7 28. Qb6 Qxb6 29. Rxb6 Rdc8 30. Rcxc6 Rxc6 31. Nxc6 Ra8 32. Na5 Kf8 33. g4 Nd5 34. Rd6 Nf6 35. f3 Ke7 36. Rc6 Kd7 37. e4 h5 38. Kf2 hxg4 39.
hxg4 Ne8 40. Ke3 Nc7 41. d5 Rb8 42. Nc4 Rb3+ 43. Kd4 f6 44. f4 Nb5+ 45. Kc5 Rc3 46. Rxa6 1-0

[Event "Early-Titled-Tuesday-Blitz-September-05-2023"]
[Site "Chess.com"]
[Date "2023.09.05"]
[Round "11"]
[White "EvgenyBurmakin"]
[Black "knightinshiningarmour16"]
[Result "1-0"]
[WhiteElo "2270"]
[BlackElo "2103"]
[TimeControl "180+1"]
[EndTime "10:05:40 PDT"]
[Termination "EvgenyBurmakin won by resignation"]

1. e4 c6 2. Nc3 d5 3. Nf3 a6 4.
d4 Bg4 5. Bd3 e6 6. O-O Bb4 7.
Bd2 Nd7 8. Re1 dxe4 9. Nxe4 Bxd2 10. Nexd2 Ngf6 11. c3 O-O 12. Qc2 c5 13. Ne5 Bh5 14.
Nxd7 Qxd7 15. Re5 cxd4 16. Bxh7+ Nxh7 17. Rxh5 Nf6 18. Rh3 dxc3 19. Rxc3 Rfc8 20. Rc1 Rxc3 21. Qxc3 Nd5 22. Qd4 Rc8 23. Nb3 Rxc1+ 24. Nxc1 Qc6 25. Qd2 Qc4 26. g3 b5 27. h4 a5 28. a3 b4 29. axb4 axb4 30. Ne2 b3 31. Nd4 e5 32. Nf5 g6 33. Qxd5 Qc1+ 34. Kg2 gxf5 35. Qxb3 Kg7 36. Qc3 Qxc3 37. bxc3 Kf6 38. Kf3 Ke6 39. Ke3 Kd5 40. h5 Kc4 41. h6 Kxc3 42. h7 f4+ 43. gxf4 exf4+ 44. Kxf4 f5 45. Kxf5 Kd2 46. h8=Q Ke2 47. Qd4 1-0

[Event "Early-Titled-Tuesday-Blitz-September-05-2023"]
[Site "Chess.com"]
[Date "2023.09.05"]
[Round "11"]
[White "wannabe2700"]
[Black "Flaccidmoves"]
[Result "1-0"]
[WhiteElo "2619"]
[BlackElo "2483"]
[TimeControl "180+1"]
[EndTime "10:05:41 PDT"]
[Termination "wannabe2700 won on time"]

1. b3 e5 2. Bb2 Nc6 3. e3 Nf6 4. Nf3 e4 5. Nd4 Nxd4 6. Bxd4 d5 7. c4 c5 8. Bxf6 Qxf6 9. Nc3 d4 10. Nxe4 Qg6 11. Ng3 h5 12. Qf3 Be7 13. h3 h4 14.
Ne2 O-O 15. Nf4 Qh6 16. Bd3 Bd7 17. Qxb7 Rad8 18. O-O Bd6 19. Nd5 Bc6 20. Ne7+ Bxe7 21. Qxe7 dxe3 22. Be2 Rxd2 23. Rae1 Qg6 24. f3 Re8 25.
Qxc5 Rxa2 26. b4 Ba8 27. b5 Qg3 28. Qd4 Rd2 29. Qg4 Rc2 30. Qxg3 hxg3 31. f4 Rd8 32.
Bf3 Bxf3 33. Rxf3 e2 34. Rxg3 Rd4 35. c5 Rxf4 36. c6 Rd2 37. Rc3 Rd1 38. Rc1 1-0

[Event "Early-Titled-Tuesday-Blitz-September-05-2023"]
[Site "Chess.com"]
[Date "2023.09.05"]
[Round "11"]
[White "Korchmar_Vasiliy"]
[Black "aghasiyevkamal"]
[Result "1-0"]
[WhiteElo "2714"]
[BlackElo "2540"]
[TimeControl "180+1"]
[EndTime "10:05:43 PDT"]
[Termination "Korchmar_Vasiliy won on time"]

1. e4 e5 2. Nf3 Nc6 3. Bc4 Bc5 4. c3 Nf6 5. d3 a5 6. Bg5 d6 7. Nbd2 h6 8. Bh4 g5 9. Bg3 Ba7 10. O-O Bg4 11. Qb3 O-O 12. Qxb7 Ne7 13. Qb3 Rb8 14. Qc2 Ng6 15. Rfe1 Kh8 16. d4 Nh5 17. dxe5 Nxg3 18.
hxg3 dxe5 19. Nf1 Qe7 20. Ne3 Bxe3 21. Rxe3 Qc5 22. Bb3 Rb6 23. Rd1 Rfb8 24. Rd5 Qe7 25. Rxa5 Be6 26. Nd2 h5 27. Qd1 Kg7 28. Rd3 h4 29. Nf1 hxg3 30. Nxg3 Nf4 31. Rxe5 Qf6 32. Rf5 Bxf5 33. Nxf5+ Kg6 34. Rg3 Rd8 35. Qg4 Rxb3 36. axb3 Rd3 37. Qxf4 Rd1+ 38. Kh2 Qh8+ 39. Qh4 1-0

[Event "Early-Titled-Tuesday-Blitz-September-05-2023"]
[Site "Chess.com"]
[Date "2023.09.05"]
[Round "11"]
[White "Kirill_Klukin"]
[Black "Doomfist26"]
[Result "0-1"]
[WhiteElo "2778"]
[BlackElo "2640"]
[TimeControl "180+1"]
[EndTime "10:05:44 PDT"]
[Termination "Doomfist26 won by checkmate"]

1. f4 e5 2. fxe5 d6 3. Nf3 dxe5 4. e4 Bc5 5. Bc4 Nf6 6. Qe2 O-O 7. c3 Bg4 8. d3 c6 9. Bg5 Nbd7 10. Nbd2 a5 11. a4 Rb8 12. h3 Bh5 13. Rf1 b5 14.
axb5 cxb5 15. Bd5 Qc7 16. g4 Bg6 17. Ba2 b4 18. Nc4 b3 19. Bb1 Ne8 20. h4 f6 21. Be3 Bf7 22. Nfd2 Nd6 23. Nxd6 Bxd6 24. Kf2 Ra8 25. Kg1 a4 26. d4 a3 27. Bd3 axb2 28. Rab1 Qxc3 29. Nc4 Bxc4 30. Bxc4+ Kh8 31. Rxb2 exd4 32.
Rxb3 Qa5 33. Bxd4 Ne5 34. Bd5 Rac8 35. g5 fxg5 36. hxg5 Rxf1+ 37. Qxf1 Qd2 38. Qf2 Qxg5+ 39. Kf1 Rc1+ 40. Ke2 Rc2+ 41. Kd1 Qc1# 0-1